 Dungeon Crawl Stone Soup version 0.24.0-123-gd5b16e6ec5 (webtiles) character file.

Game seed: 13416569747030551976, levelgen mode: deterministic

12 Mevorra the Stinger (level 2, 0/22 HPs)
             Began as a Naga Venom Mage on Feb 3, 2020.
             Slain by a leopard gecko (2 damage)
             ... on level 1 of the Dungeon.
             The game lasted 00:03:25 (267 turns).

Mevorra the Stinger (Naga Venom Mage)                Turns: 267, Time: 00:03:25

Health: 0/22       AC:  1    Str: 10    XL:     2   Next: 33%
Magic:  0/5        EV: 10    Int: 15    God:
Gold:   35         SH:  0    Dex: 11    Spells: 4/5 levels left

rFire    + . .     SeeInvis +   (no weapon)
rCold    + . .     Gourm    .   (no shield)
rNeg     . . .     Faith    .   a - +0 robe
rPois    +         Spirit   .   (no helmet)
rElec    .         Reflect  .   (no cloak)
rCorr    .         Harm     .   (no gloves)
MR       .....                  (no barding)
Stlth    ++........             (no amulet)
HPRegen  0.07/turn              f - ring of protection from cold
MPRegen  0.09/turn              g - ring of protection from fire

@: very slow
A: large, see invisible, deformed body, poison resistance, slowness 2, slow
metabolism 1, spit poison 1, AC +0
a: Spit Poison


You were on level 1 of the Dungeon.
You were not hungry.

You visited 1 branch of the dungeon, and saw 1 of its levels.

You collected 35 gold pieces.

Inventory:

Armour
 a - a +0 robe (worn)
Jewellery
 f - a ring of protection from cold (left hand)
 g - a ring of protection from fire (right hand)
Scrolls
 e - a scroll of remove curse
Comestibles
 c - a ration


   Skills:
 + Level 1.6 Dodging
 - Level 3.1 Stealth
 + Level 2.1 Spellcasting
 + Level 1.0 Conjurations
 + Level 4.6 Poison Magic


You had 4 spell levels left.
You knew the following spells:

 Your Spells              Type           Power        Failure   Level  Hunger
a - Sting                 Conj/Pois      ##..         7%          1    #......

Your spell library contained the following spells:

 Spells                   Type           Power        Failure   Level  Hunger
 Poisonous Vapours        Pois/Air       #.....       13%         2    ###....
 Mephitic Cloud           Conj/Pois/Air  #.......     30%         3    ###....
 Olgreb's Toxic Radiance  Pois           ###.....     32%         4    #####..
 Venom Bolt               Conj/Pois      ##........   88%         5    ######.


Dungeon Overview and Level Annotations

Branches:
Dungeon (1/15)

Altars:


Innate Abilities, Weirdness & Mutations

You cannot wear boots.
Your serpentine skin is tough. (AC +0)
You have supernaturally acute eyesight. (SInv)
Armour fits poorly on your strangely shaped body.
Your system is resistant to poisons. (rPois)
You cover ground very slowly.
You have a slow metabolism.
You can spit poison.


Message History

It is a scroll of identify.
e - a scroll of remove curse The leopard gecko completely misses you.
Your magical contamination has completely faded away.
The leopard gecko bites you.
* * * LOW HITPOINT WARNING * * *
Casting: Sting (safe; 7% risk of failure)
Confirm with . or Enter, or press ? or * to list all spells.
Aiming: Sting (safe; 7% risk of failure)
Press: ? - help, Shift-Dir - straight line, f/p - leopard gecko
Aim: a leopard gecko (clinging)
The sting hits the leopard gecko but does no damage.
The leopard gecko is poisoned.
The leopard gecko bites you.
* * * LOW HITPOINT WARNING * * *
The leopard gecko bites you but does no damage.
Things that are here:
a +0 club; a goblin corpse The leopard gecko closely misses you.
The leopard gecko looks more healthy.
The leopard gecko bites you.
You die...

#......##r# # . #########§###
.### #§§§## ..# # ###..####.# .#
##...##.###.# ###g.......#
#####.#.####
##############.l.g...†.###
#..†...)......@#####.....#
#.############## ###...# #.#
###.# ##.############# ###
#.......)......#############
##############.............#####
#############...... #######


You could see a leopard gecko and a hobgoblin.

Vanquished Creatures
  2 bats (D:1)
  3 goblins (D:1)
  3 hobgoblins (D:1)
  2 rats (D:1)
10 creatures vanquished.

Notes
Turn   | Place    | Note
-------+----------+-------------------------------------------
     0 | D:1      | Mevorra the Naga Venom Mage began the quest for the Orb.
     0 | D:1      | Reached XP level 1. HP: 15/15 MP: 3/3
   206 | D:1      | Reached XP level 2. HP: 22/22 MP: 3/5
   267 | D:1      | Slain by a leopard gecko

Levels and vault maps discovered:
D:1:      minmay_arrival_stone_box, layout_rooms

Action                   || total
-------------------------++-------
Melee: Unarmed           ||     9
 Cast: Sting             ||    17
  Use: Scroll            ||     2
Armor: Robe              ||     8
Dodge: Dodged            ||    17
